TOP OF THE 1ST |
Stanford University Cardinal batting - Pitching for University of Toronto Marlies : LHP Carlos Ruedas
|
Pitching: LHP Carlos Ruedas
|
|
Batting: RHB Joe Gabriel
|
0-0: Called Strike 0-1: Fly out, F7 (Line Drive, 78D, EV 96.2 MPH)
|
Batting: LHB Chien Sam
|
0-0: Ground out 4-3 (Groundball, 4, EV 103.1 MPH)
|
Batting: LHB Donny Kleinjan
|
0-0: Swinging Strike 0-1: Ball 1-1: Foul Ball, location: 2F 1-2: SOLO HOME RUN (Flyball, 89XD, EV 100.6 MPH), Distance : 407 ft
|
Batting: RHB Joe Petley
|
0-0: Fly out, F8 (Line Drive, 8RM, EV 90.6 MPH)
|
Top of the 1st over - 1 run, 1 hit, 0 errors, 0 left on base; Stanford University 1 - University of Toronto 0 |
BOTTOM OF THE 1ST |
University of Toronto Marlies batting - Pitching for Stanford University Cardinal : LHP Chris Hoebing
|
Pitching: LHP Chris Hoebing
|
|
Batting: LHB Efrem Isaev
|
0-0: Called Strike 0-1: Foul Ball, location: 2F 0-2: SOLO HOME RUN (Flyball, 78XD, EV 109.4 MPH), Distance : 416 ft
|
Batting: RHB Logan Johnson
|
0-0: Ball 1-0: Foul Ball, location: 2F 1-1: Ball 2-1: Fly out, F7 (Line Drive, 7, EV 95.0 MPH)
|
Batting: SHB Jack Tierney
|
0-0: Ball 1-0: Called Strike 1-1: Ball 2-1: Ball 3-1: SINGLE (Line Drive, 9S, EV 96.2 MPH)
|
Batting: RHB Akichika Yamano
|
0-0: Ball 1-0: Called Strike 1-1: Ball 2-1: Swinging Strike 2-2: Foul Ball, location: 2F 2-2: SINGLE (Groundball, 56, EV 100.6 MPH) (infield hit) Jack Tierney to second
|
Batting: SHB Shannon Britten
|
0-0: Swinging Strike 0-1: Ball 1-1: Grounds into double play, 4-6-3 (Groundball, 4, EV 83.1 MPH)
|
Bottom of the 1st over - 1 run, 3 hits, 0 errors, 1 left on base; Stanford University 1 - University of Toronto 1 |
TOP OF THE 2ND |
Stanford University Cardinal batting - Pitching for University of Toronto Marlies : LHP Carlos Ruedas
|
Batting: LHB Mike Keating
|
0-0: Single, Error in OF, E9, batter to second base (Groundball, 34D, EV 103.1 MPH)
|
Batting: RHB John Van der Linden
|
0-0: Ball 1-0: Fly out, F8 (Flyball, 8RM, EV 90.0 MPH)
|
Batting: LHB Bryan Davidson
|
0-0: Called Strike 0-1: Foul Ball, location: 2F 0-2: Strikes out swinging
|
Batting: RHB Josh Benefield
|
0-0: Called Strike 0-1: Ball 1-1: Ball 2-1: Ball 3-1: Base on Balls
|
Batting: RHB Ted Hickey
|
0-0: Ball 1-0: Ball 2-0: Called Strike 2-1: Ball Passed Ball! Mike Keating to third Josh Benefield to second 3-1: Base on Balls
|
Batting: RHB Joe Gabriel
|
0-0: Fly out, F9 (Flyball, 9, EV 85.6 MPH)
|
Top of the 2nd over - 0 runs, 1 hit, 1 error, 3 left on base; Stanford University 1 - University of Toronto 1 |
BOTTOM OF THE 2ND |
University of Toronto Marlies batting - Pitching for Stanford University Cardinal : LHP Chris Hoebing
|
Batting: RHB Elmar Adenauer
|
0-0: Ball 1-0: Foul Ball, location: 2F 1-1: Foul Ball, location: 2F 1-2: Ball 2-2: Foul Ball, location: 2F 2-2: Ball 3-2: SINGLE (Groundball, P, EV 90.6 MPH) (infield hit)
|
Batting: SHB Jose Melendez
|
0-0: Ball 1-0: Ball 2-0: Grounds into double play, 4-6-3 (Groundball, 4, EV 88.8 MPH)
|
Batting: RHB Charlie Townend
|
0-0: Called Strike 0-1: Ball 1-1: Swinging Strike 1-2: Strikes out swinging
|
Bottom of the 2nd over - 0 runs, 1 hit, 0 errors, 0 left on base; Stanford University 1 - University of Toronto 1 |
TOP OF THE 3RD |
Stanford University Cardinal batting - Pitching for University of Toronto Marlies : LHP Carlos Ruedas
|
Batting: LHB Chien Sam
|
0-0: DOUBLE (Line Drive, 78D, EV 100.6 MPH)
|
Batting: LHB Donny Kleinjan
|
0-0: Ball 1-0: Called Strike 1-1: Ball 2-1: Foul Ball, location: 2F 2-2: Ball 3-2: Foul Ball, location: 2F 3-2: SINGLE (Groundball, 6MD, EV 95.6 MPH) Chien Sam to third Runner from 3rd tries for Home, SAFE, throw by CF to home
|
Batting: RHB Joe Petley
|
0-0: Fielders Choice at 2nd, 5-4 (Groundball, 56S, EV 81.9 MPH)
|
Batting: LHB Mike Keating
|
0-0: Called Strike 0-1: Fly out, F9 (Flyball, 9, EV 83.8 MPH)
|
Batting: RHB John Van der Linden
|
0-0: Fly out, F4 (Popup, 34S, EV 76.9 MPH)
|
Top of the 3rd over - 1 run, 2 hits, 0 errors, 1 left on base; Stanford University 2 - University of Toronto 1 |
BOTTOM OF THE 3RD |
University of Toronto Marlies batting - Pitching for Stanford University Cardinal : LHP Chris Hoebing
|
Batting: SHB Conrade Gordon
|
0-0: Foul Ball, location: 2F 0-1: Ball 1-1: Ground out 6-3 (Groundball, 6, EV 105.0 MPH)
|
Batting: LHB Efrem Isaev
|
0-0: Ball 1-0: Foul Ball, location: 2F 1-1: Foul Ball, location: 2F 1-2: Ball 2-2: Fly out, F8 (Flyball, 78M, EV 93.1 MPH)
|
Batting: RHB Logan Johnson
|
0-0: Ball 1-0: Ball 2-0: Ball 3-0: Called Strike 3-1: Base on Balls
|
Batting: SHB Jack Tierney
|
0-0: Swinging Strike 0-1: Ball 1-1: Ball Wild Pitch! Logan Johnson to second 2-1: Foul Ball, location: 2F 2-2: Foul Ball, location: 2F 2-2: Foul Ball, location: 2F 2-2: Ball 3-2: Strikes out looking
|
Bottom of the 3rd over - 0 runs, 0 hits, 0 errors, 1 left on base; Stanford University 2 - University of Toronto 1 |
TOP OF THE 4TH |
Stanford University Cardinal batting - Pitching for University of Toronto Marlies : LHP Carlos Ruedas
|
Batting: LHB Bryan Davidson
|
0-0: Foul Ball, location: 2F 0-1: Foul Ball, location: 2F 0-2: Ball 1-2: Ball 2-2: Strikes out swinging
|
Batting: RHB Josh Benefield
|
0-0: Swinging Strike 0-1: Called Strike 0-2: Strikes out swinging
|
Batting: RHB Ted Hickey
|
0-0: Ball 1-0: Ball 2-0: Called Strike 2-1: Called Strike 2-2: Ball 3-2: Foul Ball, location: 2F 3-2: Ground out 1-3 (Groundball, 13S, EV 72.5 MPH)
|
Top of the 4th over - 0 runs, 0 hits, 0 errors, 0 left on base; Stanford University 2 - University of Toronto 1 |
BOTTOM OF THE 4TH |
University of Toronto Marlies batting - Pitching for Stanford University Cardinal : LHP Chris Hoebing
|
Batting: RHB Akichika Yamano
|
0-0: Swinging Strike 0-1: Ball 1-1: Ball 2-1: Foul Ball, location: 2F 2-2: Foul Ball, location: 2F 2-2: Foul Ball, location: 2F 2-2: Foul Ball, location: 2F 2-2: Ball 3-2: Base on Balls
|
Batting: SHB Shannon Britten
|
0-0: Ball 1-0: Ball 2-0: Ball Akichika Yamano steals 2nd base 3-0: Called Strike 3-1: Called Strike 3-2: Ground out 4-3 (Groundball, 4, EV 91.2 MPH) Akichika Yamano to third
|
Batting: RHB Elmar Adenauer
|
0-0: Called Strike 0-1: Swinging Strike 0-2: Ball 1-2: Strikes out swinging
|
Batting: SHB Jose Melendez
|
0-0: Ball 1-0: Foul Ball, location: 2F 1-1: Ball 2-1: Ball 3-1: Base on Balls
|
Batting: RHB Charlie Townend
|
0-0: Ground out 4-3 (Groundball, 4S, EV 87.5 MPH)
|
Bottom of the 4th over - 0 runs, 0 hits, 0 errors, 2 left on base; Stanford University 2 - University of Toronto 1 |
TOP OF THE 5TH |
Stanford University Cardinal batting - Pitching for University of Toronto Marlies : LHP Carlos Ruedas
|
Batting: RHB Joe Gabriel
|
0-0: Ball 1-0: Called Strike 1-1: Ball 2-1: Ball 3-1: Foul Ball, location: 2F 3-2: Strikes out looking
|
Batting: LHB Chien Sam
|
0-0: Ball 1-0: Called Strike 1-1: Ball 2-1: SINGLE (Groundball, 34D, EV 109.4 MPH)
|
Batting: LHB Donny Kleinjan
|
0-0: Called Strike 0-1: Ball 1-1: Foul Ball, location: 2F 1-2: Ball 2-2: Fly out, F7 (Line Drive, 7S, EV 111.2 MPH)
|
Batting: RHB Joe Petley
|
0-0: Ball 1-0: Called Strike 1-1: Ball 2-1: Ball 3-1: Base on Balls Chien Sam to second
|
Batting: LHB Mike Keating
|
0-0: Ball 1-0: Ball 2-0: Fly out, F5 (Popup, 25F, EV 87.5 MPH)
|
Top of the 5th over - 0 runs, 1 hit, 0 errors, 2 left on base; Stanford University 2 - University of Toronto 1 |
BOTTOM OF THE 5TH |
University of Toronto Marlies batting - Pitching for Stanford University Cardinal : LHP Chris Hoebing
|
Batting: SHB Conrade Gordon
|
0-0: Fly out, F9 (Flyball, 89S, EV 90.6 MPH)
|
Batting: LHB Efrem Isaev
|
0-0: Ball 1-0: Ball 2-0: Ball 3-0: Called Strike 3-1: Called Strike 3-2: Base on Balls
|
Pitching: RHP Steven Townsend
|
|
Batting: RHB Logan Johnson
|
0-0: Ball 1-0: Called Strike 1-1: Ball 2-1: Fly out, F8 (Flyball, 8LD, EV 102.5 MPH)
|
Batting: SHB Jack Tierney
|
0-0: Ball 1-0: Called Strike Efrem Isaev steals 2nd base (no throw) 1-1: Called Strike 1-2: Ground out 5-3 (Groundball, 56, EV 86.9 MPH)
|
Bottom of the 5th over - 0 runs, 0 hits, 0 errors, 1 left on base; Stanford University 2 - University of Toronto 1 |
TOP OF THE 6TH |
Stanford University Cardinal batting - Pitching for University of Toronto Marlies : LHP Carlos Ruedas
|
Batting: RHB John Van der Linden
|
0-0: Called Strike 0-1: Foul Ball, location: 2F 0-2: Strikes out swinging
|
Batting: LHB Bryan Davidson
|
0-0: Ball 1-0: Ground out 6-3 (Groundball, 6, EV 104.4 MPH)
|
Batting: RHB Josh Benefield
|
0-0: Called Strike 0-1: Called Strike 0-2: Ball 1-2: Foul Ball, location: 2F 1-2: Strikes out swinging
|
Top of the 6th over - 0 runs, 0 hits, 0 errors, 0 left on base; Stanford University 2 - University of Toronto 1 |
BOTTOM OF THE 6TH |
University of Toronto Marlies batting - Pitching for Stanford University Cardinal : RHP Steven Townsend
|
Batting: RHB Akichika Yamano
|
0-0: Ball 1-0: Foul Ball, location: 2F 1-1: Called Strike 1-2: Foul Ball, location: 2F 1-2: Fly out, F7 (Flyball, 7S, EV 83.8 MPH)
|
Batting: SHB Shannon Britten
|
0-0: Called Strike 0-1: Foul Ball, location: 2F 0-2: Strikes out swinging
|
Batting: RHB Elmar Adenauer
|
0-0: Ball 1-0: Foul Ball, location: 2F 1-1: SINGLE (Line Drive, 4M, EV 96.9 MPH)
|
Batting: SHB Jose Melendez
|
0-0: Swinging Strike 0-1: Called Strike 0-2: Fly out, F9 (Flyball, 9D, EV 94.4 MPH)
|
Bottom of the 6th over - 0 runs, 1 hit, 0 errors, 1 left on base; Stanford University 2 - University of Toronto 1 |
TOP OF THE 7TH |
Stanford University Cardinal batting - Pitching for University of Toronto Marlies : LHP Carlos Ruedas
|
Pitching: LHP Nick Holt
|
|
Batting: RHB Ted Hickey
|
0-0: Ball 1-0: SINGLE (Groundball, 34, EV 105.6 MPH)
|
Batting: RHB Joe Gabriel
|
0-0: Sac Bunt to 5S - play at first, batter OUT! 5-3 Ted Hickey to second
|
Batting: LHB Chien Sam
|
0-0: Foul Ball, location: 2F 0-1: Ball 1-1: Foul Ball, location: 2F 1-2: Foul Ball, location: 2F 1-2: Ball 2-2: DOUBLE (Flyball, 8RXD, EV 103.8 MPH) Ted Hickey scores
|
Batting: LHB Donny Kleinjan
|
0-0: Called Strike 0-1: SINGLE (Flyball, 34D, EV 91.9 MPH) Chien Sam to third
|
Batting: RHB Joe Petley
|
0-0: Foul Ball, location: 2F 0-1: 3-RUN HOME RUN (Flyball, 7D, EV 98.1 MPH), Distance : 361 ft
|
Pitching: RHP Gui Xú
|
|
Batting: LHB Mike Keating
|
0-0: Ball 1-0: Ball 2-0: Ground out 6-3 (Groundball, 6, EV 84.4 MPH)
|
Batting: RHB John Van der Linden
|
0-0: Ball 1-0: Foul Ball, location: 2F 1-1: SINGLE (Line Drive, 8LS, EV 113.1 MPH)
|
Batting: LHB Bryan Davidson
|
0-0: Foul Ball, location: 2F 0-1: Ball 1-1: Fielders Choice at 2nd, 5-4 (Groundball, 56, EV 100.6 MPH)
|
Top of the 7th over - 4 runs, 5 hits, 0 errors, 1 left on base; Stanford University 6 - University of Toronto 1 |
BOTTOM OF THE 7TH |
University of Toronto Marlies batting - Pitching for Stanford University Cardinal : RHP Steven Townsend
|
Batting: RHB Charlie Townend
|
0-0: Ball 1-0: SINGLE (Line Drive, 8RS, EV 94.4 MPH)
|
Batting: SHB Conrade Gordon
|
0-0: Swinging Strike 0-1: Ball 1-1: Ball 2-1: Foul Ball, location: 2F 2-2: Foul Ball, location: 2F 2-2: Strikes out swinging
|
Pitching: RHP John Hollinger
|
|
Batting: LHB Efrem Isaev
|
0-0: Fly out, F9 (Flyball, 89S, EV 89.4 MPH)
|
Batting: RHB Logan Johnson
|
0-0: Called Strike 0-1: Ball 1-1: SINGLE (Groundball, 34D, EV 108.8 MPH) Charlie Townend to second Runner from 2nd tries for 3rd, SAFE, no throw by RF
|
Batting: SHB Jack Tierney
|
0-0: Swinging Strike 0-1: Ball 1-1: Swinging Strike 1-2: Strikes out swinging
|
Bottom of the 7th over - 0 runs, 2 hits, 0 errors, 2 left on base; Stanford University 6 - University of Toronto 1 |
TOP OF THE 8TH |
Stanford University Cardinal batting - Pitching for University of Toronto Marlies : RHP Gui Xú
|
Batting: RHB Josh Benefield
|
0-0: Ball 1-0: Called Strike 1-1: Ball 2-1: Ground out 6-3 (Groundball, 6S, EV 85.6 MPH)
|
Pinch Hitting: RHB Carlton Hookway
|
0-0: Ball 1-0: Called Strike 1-1: SINGLE (Groundball, 6MD, EV 105.6 MPH)
|
Pitching: RHP Aaron Knight
|
|
Batting: RHB Joe Gabriel
|
0-0: Foul Ball, location: 2F 0-1: Ball 1-1: Foul Ball, location: 2F 1-2: Grounds into double play, 6-4-3 (Groundball, 6, EV 84.4 MPH)
|
Top of the 8th over - 0 runs, 1 hit, 0 errors, 0 left on base; Stanford University 6 - University of Toronto 1 |
BOTTOM OF THE 8TH |
University of Toronto Marlies batting - Pitching for Stanford University Cardinal : RHP John Hollinger
|
Now at SS: Dzevat Koljevic
|
|
Batting: RHB Akichika Yamano
|
0-0: Ground out U3 (Groundball, 34S, EV 83.1 MPH)
|
Batting: SHB Shannon Britten
|
0-0: Ball 1-0: Ball 2-0: Ball 3-0: Called Strike 3-1: Swinging Strike 3-2: Strikes out swinging
|
Batting: RHB Elmar Adenauer
|
0-0: Ball 1-0: Ball 2-0: Ball 3-0: Base on Balls
|
Pitching: LHP Marco Mendez
|
|
Batting: SHB Jose Melendez
|
0-0: Ball 1-0: Ball 2-0: Called Strike 2-1: DOUBLE (Line Drive, 9LM, EV 108.8 MPH) Elmar Adenauer to third
|
Batting: RHB Charlie Townend
|
0-0: Called Strike 0-1: Ball 1-1: Ball 2-1: Ball 3-1: Foul Ball, location: 2F 3-2: Foul Ball, location: 2F 3-2: Ground out U3 (Groundball, 3, EV 101.9 MPH)
|
Bottom of the 8th over - 0 runs, 1 hit, 0 errors, 2 left on base; Stanford University 6 - University of Toronto 1 |
TOP OF THE 9TH |
Stanford University Cardinal batting - Pitching for University of Toronto Marlies : RHP Aaron Knight
|
Batting: LHB Chien Sam
|
0-0: Called Strike 0-1: Ball 1-1: Ball 2-1: Ball 3-1: Ground out 3-1 (Groundball, 13, EV 79.4 MPH)
|
Batting: LHB Donny Kleinjan
|
0-0: Ball 1-0: Ball 2-0: Ball 3-0: Called Strike 3-1: Swinging Strike 3-2: Strikes out looking
|
Batting: RHB Joe Petley
|
0-0: Fly out, F8 (Flyball, 8RXD, EV 87.5 MPH)
|
Top of the 9th over - 0 runs, 0 hits, 0 errors, 0 left on base; Stanford University 6 - University of Toronto 1 |
BOTTOM OF THE 9TH |
University of Toronto Marlies batting - Pitching for Stanford University Cardinal : LHP Marco Mendez
|
Batting: SHB Conrade Gordon
|
0-0: Called Strike 0-1: Foul Ball, location: 2F 0-2: Ball 1-2: Fly out, F8 (Flyball, 8RD, EV 98.1 MPH)
|
Batting: LHB Efrem Isaev
|
0-0: Called Strike 0-1: Foul Ball, location: 2F 0-2: Strikes out swinging
|
Batting: RHB Logan Johnson
|
0-0: Ball 1-0: Ball 2-0: Called Strike 2-1: Foul Ball, location: 2F 2-2: Ball 3-2: Fly out, F8 (Line Drive, 8LD, EV 93.1 MPH)
|
Bottom of the 9th over - 0 runs, 0 hits, 0 errors, 0 left on base; Stanford University 6 - University of Toronto 1 |
|